 Dungeon Sprint DCSS version 0.20-a0-259-gc929cd2 (webtiles) character file.

42 Dfrag the Blocker (level 8, 46/74 HPs)
             Began as a Formicid Fighter on Dec 2, 2016.
             Was a Priest of the Shining One.
             Quit the game in the Dungeon (Sprint VI: "Thunderdome").
             The game lasted 00:03:19 (466 turns).

Dfrag the Blocker (Formicid Fighter)                 Turns: 466, Time: 00:03:20

Health: 46/74      AC: 11    Str: 22    XL:     8   Next: 90%
Magic:  8/8        EV: 10    Int: 10    God:    the Shining One [***...]
Gold:   130        SH: 14    Dex: 12    Spells: 7/7 levels left

rFire  . . .     SeeInvis +     a - +0 war axe
rCold  + + .     Gourm    .     b - +0 scale mail
rNeg   + + +     Faith    .     c - +0 shield
rPois  .         Spirit   .     (helmet unavailable)
rElec  .         Reflect  +     (no cloak)
rCorr  .         Harm     .     (no gloves)
MR     .....                    (no boots)
Stlth  ..........               k - amulet of Boeteran {Reflect Int+3 SH+2}
                                j - ring of Nianku {Wiz rC++}
                                p - ring "Yheuqa" {rN++ AC+3}

@: glowing
A: permanent stasis, dig shafts and tunnels, four strong arms, antennae 3
a: Dig, Divine Shield, Renounce Religion


You were in the Dungeon.
You worshipped the Shining One.
The Shining One was most pleased with you.
You were not hungry.

You visited 1 branch You collected 310 gold pieces.
You spent 180 gold pieces at shops.

Inventory:

Hand Weapons
 a - a +0 war axe (weapon)
Armour
 b - a +0 scale mail (worn)
 c - a +0 shield (worn)
Jewellery
 h - the ring "Woicu" {rF+ MR+ Str+3 Int-5}
   (You bought it in a shop in the Dungeon)

   [ring of protection from fire]

   It affects your strength (+3).
   It affects your intelligence (-5).
   It protects you from fire.
   It affects your resistance to hostile enchantments.
 j - the ring of Nianku (right hand) {Wiz rC++}
   (You bought it in a shop in the Dungeon)

   [ring of wizardry]

   It improves your spell success rate.
   It greatly protects you from cold.
 k - the amulet of Boeteran (around neck) {Reflect Int+3 SH+2}
   (You bought it in a shop in the Dungeon)

   [amulet of reflection]

   It shields you and reflects attacks.
   It affects your intelligence (+3).
   It affects your SH (+2).
 p - the ring "Yheuqa" (left hand) {rN++ AC+3}
   (You bought it in a shop in the Dungeon)

   [ring of protection]

   It affects your AC (+3).
   It greatly protects you from negative energy.
Wands
 l - a wand of acid (0/15)
 m - a wand of iceblast (0/15)
Scrolls
 n - 3 scrolls of fog
Potions
 d - a potion of might
 g - 3 potions of heal wounds
 i - 2 potions of magic
 o - a potion of resistance
Comestibles
 f - a bread ration
 q - 3 chunks of flesh


   Skills:
 + Level 10.6 Fighting
 + Level 9.6 Axes
 + Level 10.7 Armour
 + Level 11.5 Shields


You had 7 spell levels left.
You didn't know any spells.

Dungeon Overview and Level Annotations

Branches:
Dungeon (1/1)

Altars:
Cheibriados
Dithmenos
Fedhas
Gozag
Kikubaaqudgha
Makhleb
Okawaru
Qazlal
Ru
Sif Muna
Trog
Uskayaw
Vehumet
Xom
Yredelemnul
Zin
The Shining One
Beogh
Jiyva
Lugonu

Shops:
D *[%??*?*:[((!!!!


Innate Abilities, Weirdness & Mutations

You cannot be hasted, slowed, berserked, paralysed or teleported.
You can dig through walls and to a lower floor.
Your four strong arms can wield two-handed weapons with a shield.
You have a pair of large antennae on your head. (SInv)


Message History

You now have 42 arena points (gained 18).
You now have 130 gold pieces (gained 30).
There is a spawn point here.
You start resting.
Get ready!
ROUND 4!
FIGHT!
LIGHTNING ROUND!
You start resting.
You sense a monster nearby.
A bat zombie comes into view.
You block the bat zombie's attack.
You hit the bat zombie.
The bat zombie is severely damaged.
The bat zombie hits you but does no damage. x2
You block the bat zombie's attack.
You hit the bat zombie.
You destroy the bat zombie!
The Shining One accepts your kill.
You feel better.
No target in view!
Are you sure you want to abandon this character and quit the game? (Confirm with "yes".)

⌠..........###?.[###..........⌠#
⌠..........# #.<.# #..........⌠#
⌠..........###†..###..........⌠#
#.............###[)...........#
###∩........8.# #.8........∩#
##∩___......###......___∩##
######.8.....†...8.######
#⌠...........§# ###.....@...###
#_......._# #_......._#
#_........# #∩.......∩#
##∩.....∩## ##.....## ##⌠⌠⌠##
#####


There were no monsters in sight!

Vanquished Creatures
  A hydra (D)
  Sigmund (D)
  A vampire mosquito (D)
  3 bullfrogs (D)
  A gnoll sergeant (D)
  A scorpion (D)
  An orc wizard (D)
  An adder (D)
  A bat zombie (D)
  A hobgoblin (D)
12 creatures vanquished.

Notes
Turn   | Place    | Note
-------+----------+-------------------------------------------
     0 | D        | Dfrag the Formicid Fighter began the quest for the Orb.
     0 | D        | Reached XP level 1. HP: 18/18 MP: 1/1
     1 | D        | Found a viscous altar of Jiyva.
     1 | D        | Found a radiant altar of Vehumet.
     5 | D        | Found a blossoming altar of Fedhas.
     5 | D        | Round 1.
     6 | D        | Found a basalt altar of Yredelemnul.
     6 | D        | Found a hide-covered altar of Uskayaw.
     7 | D        | Found Atihoski's Bee Food.
     7 | D        | Found a snail-covered altar of Cheibriados.
     7 | D        | Found a shimmering altar of Xom.
     7 | D        | Found an ancient bone altar of Kikubaaqudgha.
     7 | D        | Found Yxuregel's Identification Station.
     8 | D        | Found Facade Zigas's Jewellery.
     8 | D        | Found Yfriatzi's Advanced Armour.
    16 | D        | Bought a scintillating glass ring for 45 gold pieces
    16 | D        | Bought a flickering tin ring for 45 gold pieces
    16 | D        | Identified the ring "Woicu" {rF+ MR+ Str+3 Int-5} (You bought it in a shop in the Dungeon)
    17 | D        | Identified the ring of Nianku {Wiz rC++} (You bought it in a shop in the Dungeon)
    18 | D        | Bought a transparent sapphire amulet for 45 gold pieces
    18 | D        | Bought a warped wooden ring for 45 gold pieces
    19 | D        | Identified the ring "Yheuqa" {rN++ AC+3} (You bought it in a shop in the Dungeon)
    20 | D        | Identified the amulet of Boeteran {Reflect Int+3 SH+2} (You bought it in a shop in the Dungeon)
    39 | D        | Found a glowing silver altar of Zin.
    43 | D        | Found a stormy altar of Qazlal.
    43 | D        | Found a bloodstained altar of Trog.
    43 | D        | Found Inleid's Premium Goods.
    43 | D        | Found Osieze's Miscellaneous Merchandise.
    44 | D        | Found Mauptakk's Basic Armour.
    49 | D        | Found Weip's Weapon Rack.
    49 | D        | Found a sacrificial altar of Ru.
    49 | D        | Found a shadowy altar of Dithmenos.
    60 | D        | Found an opulent altar of Gozag.
    62 | D        | Found a burning altar of Makhleb.
    62 | D        | Found a glowing golden altar of the Shining One.
    65 | D        | Found Viguis's Do-It-Yourself Clinic.
    66 | D        | Found a corrupted altar of Lugonu.
    66 | D        | Found an iron altar of Okawaru.
    66 | D        | Found Moyhenuy's Distillery.
    67 | D        | Found Vykicel's Bottled Wisdom.
    67 | D        | Found Vumeatt's Distillery.
    73 | D        | Noticed a scorpion
    82 | D        | Killed a scorpion
    82 | D        | Reached skill level 5 in Fighting
    82 | D        | Reached skill level 5 in Armour
    82 | D        | Reached skill level 5 in Shields
    82 | D        | Reached XP level 2. HP: 9/27 MP: 2/2
    82 | D        | Reached XP level 3. HP: 11/33 MP: 3/3
    87 | D        | Reached XP level 4. HP: 14/39 MP: 4/4
   118 | D        | Became a worshipper of the Shining One
   156 | D        | Noticed Sigmund
   172 | D        | Reached skill level 6 in Shields
   185 | D        | Killed Sigmund
   185 | D        | Arena points: 12 (+12) [x2]
   185 | D        | Reached skill level 8 in Shields
   185 | D        | Reached XP level 5. HP: 11/48 MP: 5/5
   185 | D        | Reached XP level 6. HP: 12/55 MP: 6/6
   189 | D        | Found a roughly hewn altar of Beogh.
   209 | D        | Round 2.
   220 | D        | HP: 2/55 [gnoll sergeant/trident (4)]
   227 | D        | Reached * piety under the Shining One
   250 | D        | Found a deep blue altar of Sif Muna.
   251 | D        | Found Ziroicvu's Magic Scroll Shop.
   251 | D        | Found Jur Onolo's Staff Store.
   252 | D        | Found Uhosuy's Magic Scroll Shop.
   252 | D        | Found Ycowky's Must-Have Magic.
   270 | D        | Arena points: 24 (+12) [x3]
   285 | D        | Round 3.
   300 | D        | Reached skill level 9 in Shields
   300 | D        | Reached XP level 7. HP: 19/62 MP: 7/7
   334 | D        | Noticed a vampire mosquito
   334 | D        | Reached ** piety under the Shining One
   352 | D        | Killed a vampire mosquito
   391 | D        | Noticed a four-headed hydra
   391 | D        | Reached skill level 10 in Shields
   403 | D        | Killed a four-headed hydra
   403 | D        | Reached skill level 10 in Fighting
   403 | D        | Reached skill level 10 in Armour
   403 | D        | Reached skill level 11 in Shields
   403 | D        | Reached XP level 8. HP: 30/74 MP: 8/8
   436 | D        | Reached *** piety under the Shining One
   445 | D        | Arena points: 42 (+18) [x1]
   460 | D        | Round 4.
   466 | D        | Quit the game

Vault maps used:
D:        arena_sprint

Skill      XL: |  1  2  3  4  5  6  7 |
---------------+----------------------+-----
Fighting       | 5 7 8 10 | 10.6
Axes           | 3 4 6 7 9 |  9.6
Armour         | 5 7 8 10 | 10.7
Shields        | 5 8 9 11 | 11.5

Action                   |  1- 3 |  4- 6 |  7- 9 || total
-------------------------+-------+-------+-------++-------
Melee: War axe           |    19 |    28 |    21 ||    68
Evoke: Wand              |       |     4 |     6 ||    10
  Use: Potion            |       |     2 |       ||     2
Armor: Scale mail        |    11 |    16 |    12 ||    39
Dodge: Dodged            |     4 |    13 |     7 ||    24
Block: Shield            |    20 |    20 |    17 ||    57
